 Dungeon Sprint DCSS version bcrawl-1.19.1 (webtiles) character file.

Game seed: 2779730694591901120

33 Freyura the Slasher (level 3, -1/34 HPs)
             Began as a Minotaur Fighter on Dec 15, 2019.
             Was an Initiate of Makhleb.
             Slain by a redback (10 damage)
             ... in the Dungeon (Sprint IX: "|||||||||||||||||||||||||||||").
             The game lasted 00:01:38 (131 turns).

Freyura the Slasher (Minotaur Fighter)               Turns: 131, Time: 00:01:38

Health: -1/34      AC:  8    Str: 20    XL:     3   Next: 12%
Magic:  2/2        EV: 11    Int:  5    God:    Makhleb [......]
Gold:   0          SH: 11    Dex: 13    Spells: 2/2 levels left

rFire    . . .     SeeInvis .   q - +2 scimitar (holy)
rCold    . . .     Gourm    .   c - +0 shield
rNeg     . . .     Faith    .   b - +0 scale mail
rPois    .         Spirit   .   (helmet restricted)
rElec    .         Reflect  .   (no cloak)
rCorr    .         Harm     .   (no gloves)
MR       .....     NoTele   +   r - +0 pair of boots
Stlth    ..........             (no amulet)
HPRegen  0.11/turn              u - +3 ring of dexterity
MPRegen  0.08/turn              v - +2 ring of evasion

@: no status effects
A: retaliatory headbutt, horns 2
a: Renounce Religion


You were in the Dungeon.
You worshipped Makhleb.
Makhleb was noncommittal.
You were not hungry.

You visited 1 branch

Inventory:

Hand Weapons
 a - a +0 long sword
 p - the +2 halberd of Agony {freeze, *Rage +Inv rElec MR-}
   (You found it in the Dungeon)

   It has been specially enchanted to freeze those struck by it, causing extra
   injury to most foes and up to half again as much damage against particularly
   susceptible opponents.
   It can also slow down cold-blooded creatures.
   It insulates you from electricity.
   It affects your resistance to hostile enchantments.
   It lets you turn invisible.
   It may make you go berserk in combat.
 q - a +2 scimitar of holy wrath (weapon)
Armour
 b - a +0 scale mail (worn)
 c - a +0 shield (worn)
 r - a +0 pair of boots (worn)
 s - a +0 helmet
 t - a +0 plate armour
Jewellery
 u - a +3 ring of dexterity (left hand)
 v - a +2 ring of evasion (right hand)
Wands
 o - a wand of iceblast (10)
Scrolls
 k - 2 scrolls of blinking
 m - 3 scrolls of remove curse
 n - 2 scrolls of amnesia
Potions
 d - a potion of might
 e - 5 potions of curing
 g - 3 potions of heal wounds
 h - a potion of haste
 i - 4 potions of magic
 j - a potion of berserk rage
 l - a potion of invisibility
Comestibles
 f - a ration {!d}


   Skills:
 + Level 4.7 Fighting
 * Level 4.9 Long Blades
 + Level 4.7 Armour
 + Level 2.5 Dodging
 + Level 4.6 Shields
 + Level 0.0 Invocations


You had 2 spell levels left.
You didn't know any spells.
Your spell library was empty.

Dungeon Overview and Level Annotations

Branches:
Dungeon (1/1)

Altars:
Cheibriados
Dithmenos
Elyvilon
Fedhas
Gozag
Hepliaklqana
Kikubaaqudgha
Lugonu
Makhleb
Nemelex Xobeh
Okawaru
Qazlal
Ru
Sif Muna
Trog
Uskayaw
Vehumet
Wu Jian
Xom
Yredelemnul
Zin
The Shining One
Beogh
Jiyva


Innate Abilities, Weirdness & Mutations

You reflexively headbutt those who attack you in melee.
You have a pair of horns on your head.


Message History

The redback bites you but does no damage.
The shadow slips into darkness.
The shadow flickers and vanishes!
Deactivating autopickup; reactivate with Ctrl-A.
The redback bites you.
You slash the redback!
The redback is moderately wounded.
The redback closely misses you. The redback completely misses you.
You hit the redback. You headbutt the redback.
The redback is heavily wounded.
You block the redback's attack.
You closely miss the redback.
You headbutt the redback, but do no damage.
The redback is heavily wounded.
The redback barely misses you. The redback bites you!
* * * LOW HITPOINT WARNING * * *
You miss the redback.
The redback is heavily wounded.
The redback barely misses you. The redback bites you!
You die...

▓.▓
▓.▓
▓o▓
▓o▓
▓O▓
▓h▓
▓s▓
▓@▓
▓.▓
▓.▓
▓.▓
▓.▓
▓)▓
▓|▓
▓.▓
▓.▓


You could see a two-headed ogre, a redback, a howler monkey and 2 orcs.

Vanquished Creatures
  A worker ant (D)
  An orc (D)
  A ball python (D)
  A bat (D)
  A jackal (D)
  A kobold (D)
  A ball python zombie (D)
  A frilled lizard (D)
  A goblin (D)
  A rat (D)
10 creatures vanquished.

Notes
Turn   | Place    | Note
-------+----------+-------------------------------------------
     0 | D        | Freyura the Minotaur Fighter began the quest for the Orb.
     0 | D        | Reached XP level 1. HP: 19/19 MP: 0/0
    10 | D        | Reached skill level 1 in Dodging
    17 | D        | Noticed a worker ant
    20 | D        | Killed a worker ant
    20 | D        | Reached XP level 2. HP: 27/28 MP: 1/1
    22 | D        | Reached XP level 3. HP: 28/34 MP: 2/2
    70 | D        | Found a roughly hewn altar of Beogh.
    70 | D        | Found a snail-covered altar of Cheibriados.
    70 | D        | Found a shadowy altar of Dithmenos.
    70 | D        | Found a white marble altar of Elyvilon.
    70 | D        | Found a blossoming altar of Fedhas.
    70 | D        | Found an opulent altar of Gozag.
    71 | D        | Found a hazy altar of Hepliaklqana.
    72 | D        | Found a viscous altar of Jiyva.
    73 | D        | Found an ancient bone altar of Kikubaaqudgha.
    74 | D        | Found a corrupted altar of Lugonu.
    75 | D        | Found a burning altar of Makhleb.
    76 | D        | Found a sparkling altar of Nemelex Xobeh.
    77 | D        | Found an iron altar of Okawaru.
    78 | D        | Found a stormy altar of Qazlal.
    79 | D        | Found a sacrificial altar of Ru.
    80 | D        | Found a shimmering blue altar of Sif Muna.
    81 | D        | Found a bloodstained altar of Trog.
    82 | D        | Found a hide-covered altar of Uskayaw.
    83 | D        | Became a worshipper of Makhleb the Destroyer
    84 | D        | Found a radiant altar of Vehumet.
    85 | D        | Found an ornate altar of the Wu Jian Council.
    86 | D        | Found a shimmering altar of Xom.
    87 | D        | Found a basalt altar of Yredelemnul.
    88 | D        | Found a glowing silver altar of Zin.
    89 | D        | Found a glowing golden altar of the Shining One.
   106 | D        | Got the +2 halberd of Agony {freeze, *Rage +Inv rElec MR-}
   126 | D        | Noticed a shadow
   126 | D        | Noticed a two-headed ogre
   126 | D        | Noticed a redback
   131 | D        | Slain by a redback

Skill      XL: |  1 |
---------------+----+-----
Long Blades    | 4 |  4.9
Dodging        | 2 |  2.5
Fighting       | 4 |  4.7
Armour         | 4 |  4.7
Shields        | 4 |  4.6

Action                   || total
-------------------------++-------
Melee: Long sword        ||    15
       Headbutt          ||     5
       Scimitar          ||     5
Armor: Scale mail        ||     5
Dodge: Dodged            ||     9
Block: Shield            ||     9
